 Dungeon Crawl Stone Soup version 0.22.0-49-gab54619674 (webtiles) character file.

476 Peloso the Slasher (level 6, 0/58 HPs)
             Began as a Minotaur Fighter on Sept 6, 2018.
             Slain by a gnoll
             ... wielding a +0 spear
              (4 damage)
             ... on level 4 of the Dungeon.
             The game lasted 00:05:22 (2767 turns).

Peloso the Slasher (Minotaur Fighter)               Turns: 2767, Time: 00:05:22

Health: 0/58       AC:  5    Str: 21    XL:     6   Next: 85%
Magic:  5/5        EV:  6    Int:  5    God:
Gold:   173        SH: 10    Dex: 11    Spells: 5/5 levels left

rFire    . . .     SeeInvis .   a - +0 long sword
rCold    . . .     Gourm    .   c - +0 shield
rNeg     . . .     Faith    .   b - +0 chain mail
rPois    .         Spirit   .   (helmet restricted)
rElec    .         Reflect  .   (no cloak)
rCorr    .         Harm     .   (no gloves)
MR       .....     Clarity  +   (no boots)
Stlth    ..........             h - amulet of the acrobat
HPRegen  0.19/turn              (no ring)
MPRegen  0.09/turn              (no ring)

@: no status effects
A: retaliatory headbutt, horns 2, clarity, deformed body, robust 1
a: no special abilities


You were on level 4 of the Dungeon.
You were not hungry.

You visited 1 branch of the dungeon, and saw 4 of its levels.

You collected 173 gold pieces.

Inventory:

Hand Weapons
 a - a +0 long sword (weapon)
Armour
 b - a +0 chain mail (worn)
 c - a +0 shield (worn)
Jewellery
 h - an amulet of the acrobat (around neck)
 s - an uncursed amulet of harm {unknown}
Scrolls
 e - 5 scrolls of teleportation {unknown}
 g - a scroll of magic mapping {unknown}
 j - a scroll of noise {unknown}
 k - a scroll of enchant weapon {unknown}
 m - a scroll of enchant armour {unknown}
 o - 4 scrolls of identify {unknown}
 q - 2 scrolls of remove curse {unknown}
 r - a scroll of amnesia {unknown}
 u - a scroll of fog {unknown}
Potions
 d - a potion of might
 i - a potion of flight
 l - a potion of mutation
 n - a potion of cancellation
 p - a potion of magic {unknown}
 v - a potion of heal wounds
Comestibles
 f - 12 rations


   Skills:
 + Level 4.7 Fighting
 + Level 5.9 Long Blades
 + Level 5.2 Armour
 + Level 0.7 Dodging
 + Level 5.6 Shields


You had 5 spell levels left.
You didn't know any spells.
Your spell library was empty.

Dungeon Overview and Level Annotations

Branches:
Dungeon (4/15)
 Temple: D:4-7

Altars:


Innate Abilities, Weirdness & Mutations

You reflexively headbutt those who attack you in melee.
You have a pair of horns on your head.
You possess an exceptional clarity of mind.
Armour fits poorly on your strangely shaped body.
You are robust. (+10% HP)


Message History

The gnoll closely misses you.
The gnoll hits you from afar with a spear.
* * * LOW HITPOINT WARNING * * *
You block the gnoll's attack.
Things that are here:
a spear; a gnoll corpse Your shield and chain mail prevent you from hitting the gnoll.
You block the gnoll's attack.
You closely miss the gnoll. The gnoll hits you with a spear.
* * * LOW HITPOINT WARNING * * *
A gnoll comes into view. It is wielding a spear of piercing.
The gnoll shouts!
You slash the gnoll!
The gnoll is severely wounded.
The gnoll hits you with a spear.
* * * LOW HITPOINT WARNING * * *
You closely miss the gnoll.
The gnoll is severely wounded.
The gnoll hits you with a spear.
You die...

≈≈≈≈≈≈≈≈≈≈....≈≈≈≈≈≈≈≈≈≈≈≈#####
≈≈≈≈≈≈≈≈≈≈....≈≈≈≈≈≈≈≈≈≈≈≈≈≈≈≈≈
≈≈≈≈≈≈≈≈≈≈....≈≈≈≈≈≈≈≈≈≈≈≈≈≈≈≈≈
..............................)
#######.....##....†...........)
#............#.#####..###
#.....##g#####..##...##
......###g# ##....### ## .####.
#@# ##..### ##. #. #)# #..##
##.. #†# ##..######...
#.....#........#...
#.........>.....#..<
.................#...
#..(..............#...
#...........#.##..##..
#...........#.#.[.###)


You could see 2 gnolls.

Vanquished Creatures
  A phantom (D:4)
  A hound (D:4)
  An orc wizard (D:4)
  A gnoll shaman (D:4)
  2 worker ants (D:4)
  10 gnolls (D:4)
  8 adders
  A worm (D:2)
  2 dart slugs (D:1)
  A leopard gecko (D:1)
  2 orcs (D:4)
  A ball python (D:4)
  12 bats
  6 giant cockroaches
  7 goblins
  3 hobgoblins
  10 jackals
  A quokka (D:3)
  A frilled lizard (D:4)
  5 kobolds
  5 rats
81 creatures vanquished.

Notes
Turn   | Place    | Note
-------+----------+-------------------------------------------
     0 | D:1      | Peloso the Minotaur Fighter began the quest for the Orb.
     0 | D:1      | Reached XP level 1. HP: 19/19 MP: 0/0
    56 | D:1      | Reached XP level 2. HP: 27/27 MP: 1/1
   435 | D:1      | Reached XP level 3. HP: 33/33 MP: 2/2
  1096 | D:2      | Reached XP level 4. HP: 40/40 MP: 3/3
  2017 | D:4      | Reached XP level 5. HP: 39/46 MP: 4/4
  2112 | D:4      | Reached skill level 5 in Long Blades
  2121 | D:4      | Noticed a phantom
  2159 | D:4      | Killed a phantom
  2159 | D:4      | Reached skill level 5 in Armour
  2159 | D:4      | Reached skill level 5 in Shields
  2159 | D:4      | Reached XP level 6. HP: 20/53 MP: 5/5
  2187 | D:4      | Gained mutation: Armour fits poorly on your strangely
                  | shaped body. [potion of mutation]
  2187 | D:4      | Gained mutation: You are robust. (+10% HP) [potion of
                  | mutation]
  2187 | D:4      | Gained mutation: You possess an exceptional clarity of
                  | mind. [potion of mutation]
  2767 | D:4      | Slain by a gnoll

Skill      XL: |  1  2  3  4  5 |
---------------+----------------+-----
Fighting       | 4 |  4.7
Shields        | 4 5 |  5.6
Armour         | 4 5 |  5.2
Long Blades    | 3 4 5 |  5.9
Dodging        | |  0.7

Action                   |  1- 3 |  4- 6 || total
-------------------------+-------+-------++-------
Melee: Long sword        |    85 |   177 ||   262
       Headbutt          |    14 |    32 ||    46
  Use: Potion            |       |     6 ||     6
  Eat: Chunk             |       |     3 ||     3
       Ration            |       |     1 ||     1
Armor: Scale mail        |    21 |       ||    21
       Chain mail        |    33 |    69 ||   102
Dodge: Dodged            |    35 |    63 ||    98
Block: Shield            |    52 |   109 ||   161
       Rpst.: Long sword |    11 |    17 ||    28
